 Dungeon Crawl Stone Soup version bcrawl-1.27.5 (webtiles) character file.

Game seed: 5937137065562065789

517565 Freyura the Basher (level 14, -1/90 HPs)
             Began as a Gargoyle Fighter on Aug 9, 2020.
             Was a High Priest of the Shining One.
             Slain by Rupert
             ... wielding a +6 great mace of crushing
              (3 damage)
             ... on level 5 of the Lair of Beasts on Aug 15, 2020.
             The game lasted 00:52:23 (15075 turns).

Freyura the Basher (Gargoyle Fighter)              Turns: 15075, Time: 00:52:23

Health: -1/90      AC: 36    Str: 21    XL:     14   Next: 22%
Magic:  0/21       EV:  7    Int:  9    God:    the Shining One [*****.]
Gold:   1479       SH: 24    Dex: 13    Spells: 13/13 levels left

rFire    . . .     SeeInvis .   j - +4 morningstar
rCold    + . .     Gourm    .   M - +2 medium shield
rNeg     + + +     Faith    .   b - +4 plate armour
rPois    ∞         Spirit   +   s - +0 helmet
rElec    +         Reflect  .   r - +1 cloak
rCorr    .         Harm     .   D - +2 pair of gloves {archery}
MR       ++...                  (no boots)
Stlth    ..........             P - amulet of guardian spirit
HPRegen  0.25/turn              v - ring of protection from magic
MPRegen  0.17/turn              a - ring of protection from cold

@: divine shield, glowing
A: big wings, negative energy resistance 1, electricity resistance, unbreathing,
petrification resistance, rot immunity, AC +10
a: Fly, Divine Shield, Cleansing Flame, Summon Divine Warrior, Renounce Religion


You were on level 5 of the Lair of Beasts.
You worshipped the Shining One.
The Shining One was extremely pleased with you.
You were hungry.

You visited 3 branches of the dungeon, and saw 17 of its levels.
You also visited: Volcano.

You collected 1479 gold pieces.

Inventory:

Hand Weapons
 j - a +4 morningstar (weapon)
Missiles
 c - 2 throwing nets {=f}
Armour
 b - a +4 plate armour (worn)
 r - a +1 cloak (worn)
 s - a +0 helmet (worn)
 D - a +2 pair of gloves of archery (worn)
 L - a +2 cloak
 M - a +2 medium shield (worn)
 N - a +0 crystal plate armour
Jewellery
 a - a ring of protection from cold (right hand)
 h - an uncursed ring of fire
 t - an uncursed amulet of regeneration
 v - a ring of protection from magic (left hand)
 P - an amulet of guardian spirit (around neck)
Wands
 f - a wand of paralysis (8)
 p - a wand of scattershot (8)
 F - a wand of digging (4)
 O - a wand of enslavement (6)
Scrolls
 i - 7 scrolls of remove curse
 x - 2 scrolls of immolation
 y - 8 scrolls of teleportation
 z - 3 scrolls of blinking
 A - 5 scrolls of identify
 B - 3 scrolls of fog
 C - a scroll of summoning
 G - a scroll of magic mapping
 K - a scroll of silence
Potions
 d - a potion of berserk rage {unknown}
 g - 2 potions of ambrosia
 k - 7 potions of curing
 l - a potion of resistance {unknown}
 m - 2 potions of mutation {unknown}
 n - a potion of magic {unknown}
 o - a potion of haste
 q - 4 potions of agility {unknown}
 u - 2 potions of heal wounds
 w - 8 potions of brilliance
 E - 3 potions of lignification
 H - a potion of flight {unknown}
 I - 2 potions of degeneration {unknown}
Comestibles
 e - 19 rations {!d}
 J - 4 chunks of flesh


   Skills:
 + Level 11.0 Fighting
 * Level 13.3 Maces & Flails
 + Level 10.9 Armour
 + Level 6.4 Dodging
 + Level 10.9 Shields
 + Level 10.2 Invocations


You had 13 spell levels left.
You didn't know any spells.
Your spell library contained the following spells:

 Spells                   Type           Power        Failure   Level  Hunger
 Apportation              Tloc           #.....       100%        1    None
 Infusion                 Chrm           #.......     100%        1    None
 Magic Dart               Conj           #...         100%        1    None
 Sandblast                Erth           #.....       100%        1    None
 Slow                     Hex            #.......     100%        1    None
 Summon Butterflies       Summ           #.......     100%        1    None
 Summon Small Mammal      Summ           #...         100%        1    None
 Blink                    Tloc           N/A          100%        2    ####...
 Call Imp                 Summ           #.....       100%        2    ####...
 Passwall                 Tmut/Erth      #.......     100%        2    ####...
 Beckoning                Tloc           #.........   100%        3    #####..
 Call Canine Familiar     Summ           #.......     100%        3    #####..
 Conjure Flame            Conj/Fire      #.......     100%        3    #####..
 Mephitic Cloud           Conj/Pois/Air  #.......     100%        3    #####..
 Spider Form              Tmut/Pois      #..          100%        3    #####..
 Stone Arrow              Conj/Erth      #.....       100%        3    #####..
 Tukima's Dance           Hex            #.......     100%        3    #####..
 Petrify                  Tmut/Erth      #.........   100%        4    ######.
 Summon Ice Beast         Ice/Summ       #.......     100%        4    ######.
 Lee's Rapid Deconstruct  Erth           #.........   100%        5    #######
 Summon Lightning Spire   Summ/Air       #.......     100%        5    #######
 Invisibility             Hex            #.......     100%        6    #######


Dungeon Overview and Level Annotations

Branches:
Dungeon (11/12)            Temple (1/1) D:4            Lair (5/6) D:7
 Shoals (0/3) Lair:2       Spider (0/3) Lair:3          Orc (0/1) D:8
 Vaults (0/3) D:11
  Slime: Lair:5-6

Altars:
Ashenzari
Cheibriados
Dithmenos
Elyvilon
Fedhas
Gozag
Hepliaklqana
Kikubaaqudgha
Lugonu
Makhleb
Nemelex Xobeh
Okawaru
Qazlal
Ru
Sif Muna
Trog
Uskayaw
Vehumet
Wu Jian
Xom
Yredelemnul
Zin
The Shining One

Shops:
D:10 *

Annotations:
D:8 1 runed translucent door, yrara's ghost, novice DsFi
Lair:5 Rupert


Innate Abilities, Weirdness & Mutations

You are resistant to torment.
Your stone body is resilient. (AC +10)
You are immune to poison.
Your large and strong wings let you fly indefinitely.
You resist negative energy. (rN+)
You are resistant to electric shocks. (rElec)
You can survive without breathing.
You are immune to petrification.
You are immune to rotting.


Message History

You block Rupert's attack. You block the elephant's attack. x2
The elephant tramples you but does no damage.
The elephant trunk-slaps you but does no damage.
You sock Rupert!
Rupert is moderately wounded.
You block Rupert's attack.
The elephant tramples you but does no damage.
You block the elephant's attack. The elephant barely misses you.
You block the elephant's attack.
You hit Rupert.
Rupert is moderately wounded.
You block Rupert's attack. You block the elephant's attack.
The elephant trunk-slaps you but does no damage.
The elephant tramples you but does no damage.
The elephant trunk-slaps you but does no damage.
You hit Rupert but do no damage.
Rupert is moderately wounded.
Rupert hits you with a +6 great mace of crushing!!
* * * LOW HITPOINT WARNING * * *
You die...

......# ##.....#
#......## #.......#
#. #..††..#
#..###.### #...#
...##.#..#######D.##
..........P.P###@Y.#
............##..@Y##
...........#.#P..##
.............#..##
.............#...#
.................#
....#..#.........#
.....###.........##
.....# #####.(....#
....## #.....##


You could see Rupert (berserk), a five-headed hydra and 2 elephants.

Vanquished Creatures
  Urug (Lair:1)
  2 vault guards (D:11)
  A catoblepas (Lair:5)
  5 hydras
  An alligator (Lair:5)
  2 centaur warriors
  A two-headed ogre (D:11)
  A death knight (D:11)
  A dancing weapon (Volcano)
  2 skeletal warriors (D:11)
  A phantasmal warrior (D:11)
  5 toenail golems (Volcano)
  5 deep elf magi (Volcano)
  A wolf spider (Lair:3)
  2 ugly things
  2 elephants (Lair:5)
  2 manticores
  Joseph (D:7)
  A black mamba (Lair:5)
  The ghost of Maksi666 the Bolt Thrower, a novice MiHu of Gozag (D:3)
  A gargoyle (D:11)
  5 cane toads
  A freezing wraith (D:11)
  5 komodo dragons
  A polar bear (Lair:4)
  4 trolls
  A jumping spider (Lair:3)
  3 hornets
  6 blink frogs
  14 dream sheep (Lair:5)
  7 hippogriffs
  A snapping turtle (Lair:2)
  An air elemental (D:11)
  2 redbacks (Lair:3)
  A vampire (D:11)
  A water elemental (D:11)
  Sigmund (D:2)
  4 wyverns
  A fire elemental (D:11)
  14 yaks
  6 basilisks
  2 hungry ghosts
  4 hogs (D:8)
  10 humans
  8 crocodiles
  6 water moccasins
  7 porcupines
  5 orc warriors
  A black bear (D:8)
  2 phantoms
  4 sky beasts
  2 ice beasts
  A centaur (D:4)
  4 ogres
  11 bullfrogs
  An earth elemental (D:11)
  A wyvern skeleton (D:6)
  A scorpion (D:9)
  10 killer bees
  2 electric eels (Lair:3)
  5 howler monkeys
  11 crimson imps
  A bullfrog zombie (D:5)
  A quasit (D:9)
  4 hounds
  8 orc wizards
  A jelly (D:8)
  2 bullfrog skeletons
  6 orc priests
  Terence (D:2)
  4 iguanas
  5 hell rats (Lair:4)
  5 worker ants
  2 hound skeletons
  Robin (D:2)
  A worker ant zombie (D:5)
  A howler monkey skeleton (D:4)
  3 gnolls (D:7)
  7 adders
  2 shadow imps
  An ooze (D:1)
  2 adder zombies
  2 adder skeletons
  3 worms
  5 dart slugs (D:1)
  8 leopard geckos
  25 orcs
  7 bats
  2 giant cockroaches
  17 goblins
  5 hobgoblins (D:2)
  14 jackals
  6 kobolds
  5 frilled lizards
  A jackal skeleton (D:5)
  A jackal zombie (D:5)
  3 rats
  A fungus (Lair:4)
379 creatures vanquished.

Vanquished Creatures (others)
  A human (D:11)
  An orc (D:11)
  4 plants
6 creatures vanquished.

Grand Total: 385 creatures vanquished

Notes
Turn   | Place    | Note
-------+----------+-------------------------------------------
     0 | D:1      | Freyura the Gargoyle Fighter began the quest for the Orb.
     0 | D:1      | Reached XP level 1. HP: 14/14 MP: 1/1
   160 | D:1      | Reached XP level 2. HP: 16/19 MP: 2/2
   403 | D:1      | Reached XP level 3. HP: 23/23 MP: 3/3
  1238 | D:2      | Reached skill level 3 in Maces & Flails
  1261 | D:2      | Reached XP level 4. HP: 29/29 MP: 4/4
  1320 | D:2      | Found a white marble altar of Elyvilon.
  1327 | D:2      | Became a worshipper of Elyvilon the Healer
  1428 | D:2      | Noticed Terence
  1437 | D:2      | Killed Terence
  1613 | D:2      | Noticed Robin
  1641 | D:2      | Killed Robin
  1647 | D:2      | Reached XP level 5. HP: 28/33 MP: 5/5
  1715 | D:2      | Noticed Sigmund
  1726 | D:2      | Killed Sigmund
  1726 | D:2      | Reached skill level 4 in Maces & Flails
  1726 | D:2      | Reached skill level 1 in Invocations
  1726 | D:2      | Reached XP level 6. HP: 16/39 MP: 5/7
  1770 | D:2      | Found a faded altar of an unknown god.
  2172 | D:3      | Reached * piety under Elyvilon
  2496 | D:3      | Found a runed translucent door.
  2496 | D:3      | Noticed Maksi666's ghost (novice MiHu)
  2577 | D:4      | Found a blossoming altar of Fedhas.
  2678 | D:3      | Killed Maksi666's ghost
  2678 | D:3      | Reached skill level 5 in Maces & Flails
  2678 | D:3      | Reached skill level 5 in Armour
  2678 | D:3      | Reached XP level 7. HP: 39/44 MP: 7/9
  2730 | D:4      | Reached skill level 5 in Fighting
  2775 | D:4      | Found a staircase to the Ecumenical Temple.
  2784 | D:4      | Reached skill level 5 in Shields
  2797 | Temple   | Entered the Ecumenical Temple
  2864 | Temple   | Fell from the grace of Elyvilon
  2864 | Temple   | Became a worshipper of the Shining One
  3194 | D:4      | Reached XP level 8. HP: 13/49 MP: 10/10
  3866 | D:5      | Entered Level 5 of the Dungeon
  3879 | D:5      | Reached * piety under the Shining One
  3943 | D:5      | Reached skill level 6 in Maces & Flails
  4004 | D:5      | Got a transparent platinum ring
  4010 | D:5      | Identified the cursed ring of Visonuu {rC+ Stlth--} (You
                  | found it on level 5 of the Dungeon)
  4110 | D:5      | Found a burning altar of Makhleb.
  4110 | D:5      | Found an iron altar of Okawaru.
  4673 | D:6      | Reached XP level 9. HP: 54/55 MP: 12/12
  4715 | D:6      | Reached skill level 7 in Maces & Flails
  4745 | D:6      | Reached ** piety under the Shining One
  5506 | D:7      | Got a smouldering hunting sling
  5603 | D:7      | Reached skill level 5 in Invocations
  5646 | D:7      | Reached skill level 8 in Maces & Flails
  5654 | D:7      | Found a staircase to the Lair.
  6034 | D:7      | Found an iron altar of Okawaru.
  6057 | D:7      | Noticed Joseph
  6069 | D:7      | Killed Joseph
  6069 | D:7      | Reached XP level 10. HP: 59/63 MP: 14/14
  6468 | D:8      | Found a runed translucent door.
  6469 | D:8      | Noticed yrara's ghost (novice DsFi)
  6588 | D:8      | Reached skill level 1 in Dodging
  6668 | D:8      | Noticed a manticore
  6677 | D:8      | Killed a manticore
  6677 | D:8      | Reached skill level 9 in Maces & Flails
  6830 | D:8      | Reached *** piety under the Shining One
  7159 | D:8      | Reached XP level 11. HP: 62/68 MP: 16/16
  7200 | D:8      | Noticed a centaur warrior
  7216 | D:8      | Killed a centaur warrior
  7244 | D:8      | Found a staircase to the Orcish Mines.
  7440 | D:9      | Reached skill level 10 in Maces & Flails
  7502 | D:9      | Found a sparkling altar of Nemelex Xobeh.
  7903 | D:9      | Found a hide-covered altar of Uskayaw.
  8014 | D:10     | Entered Level 10 of the Dungeon
  8091 | D:10     | Got a crystal dagger
  8113 | D:10     | Found Gozag's Platinum Reserve.
  8277 | D:10     | Noticed a red ugly thing
  8283 | D:10     | Noticed a manticore
  8286 | D:10     | Killed a red ugly thing
  8302 | D:10     | Killed a manticore
  8460 | D:10     | Found an opulent altar of Gozag.
  8485 | D:10     | Reached **** piety under the Shining One
  9102 | D:11     | Noticed a six-headed hydra
  9113 | D:11     | Noticed a centaur warrior
  9122 | D:11     | Killed a six-headed hydra
  9131 | D:11     | Killed a centaur warrior
  9210 | D:11     | Noticed a purple ugly thing
  9225 | D:11     | Killed a purple ugly thing
  9272 | D:11     | Noticed a phantasmal warrior
  9272 | D:11     | Noticed a skeletal warrior
  9272 | D:11     | Noticed a skeletal warrior
  9274 | D:11     | Noticed a death knight
  9290 | D:11     | Killed a phantasmal warrior
  9301 | D:11     | Killed a death knight
  9320 | D:11     | Killed a skeletal warrior
  9320 | D:11     | Reached XP level 12. HP: 62/76 MP: 17/17
  9346 | D:11     | Reached skill level 11 in Maces & Flails
  9371 | D:11     | Found a snail-covered altar of Cheibriados.
  9423 | D:11     | Noticed a two-headed ogre
  9448 | D:11     | Killed a two-headed ogre
  9757 | D:11     | Found a large runed door.
  9757 | D:11     | Found a large runed door.
  9896 | D:11     | Noticed a vault guard
  9900 | D:11     | Noticed a vault guard
  9931 | D:11     | Killed a vault guard
  9944 | D:11     | Killed a vault guard
 10009 | D:11     | Found a gate to the Vaults.
 10465 | Lair:1   | Entered Level 1 of the Lair of Beasts
 10514 | Lair:1   | Found a dark tunnel.
 10530 | Volcano  | Entered a volcano
 10670 | Volcano  | Reached skill level 5 in Dodging
 10761 | Volcano  | Noticed a soul eater
 10773 | Volcano  | Reached skill level 12 in Maces & Flails
 10773 | Volcano  | Reached XP level 13. HP: 35/82 MP: 19/19
 10881 | Volcano  | Reached skill level 10 in Fighting
 11099 | Lair:1   | Reached skill level 10 in Armour
 11099 | Lair:1   | Reached skill level 10 in Shields
 11139 | Lair:1   | Reached ***** piety under the Shining One
 11373 | Lair:1   | Noticed Urug
 11389 | Lair:1   | Killed Urug
 11745 | Lair:1   | Upgraded the game from bcrawl-1.27.3 to bcrawl-1.27.5
 12399 | Lair:2   | Found a staircase to the Shoals.
 13147 | Lair:3   | Found a hole to the Spider Nest.
 14452 | Lair:5   | Reached skill level 13 in Maces & Flails
 14500 | Lair:5   | Gained mutation: Your large and strong wings let you fly
                  | indefinitely. [Gargoyle growth]
 14500 | Lair:5   | Reached XP level 14. HP: 83/88 MP: 19/21
 14503 | Lair:5   | Reached skill level 10 in Invocations
 15049 | Lair:5   | Noticed Rupert
 15075 | Lair:5   | HP: 2/90 [Rupert/+6 great mace of crushing (21)]
 15075 | Lair:5   | Slain by Rupert

Skill      XL: |  1  2  3  4  5  6  7  8  9 10 11 12 13 14 |
---------------+-------------------------------------------+-----
Maces & Flails | 3 4 5 6 8 9 10 12 13 | 13.3
Armour         | 4 5 6 7 8 9 10 | 10.9
Fighting       | 4 5 7 8 9 10 11 | 11.0
Shields        | 4 5 7 8 9 10 | 10.9
Invocations    | 1 2 3 4 5 6 7 9 10 | 10.2
Dodging        | 2 4 5 6 |  6.4

Action                   |  1- 3 |  4- 6 |  7- 9 | 10-12 | 13-15 || total
-------------------------+-------+-------+-------+-------+-------++-------
Melee: Flail             |   122 |   146 |       |       |       ||   268
       Morningstar       |       |    53 |   248 |   688 |   487 ||  1476
Invok: Divine Shield     |       |       |       |     3 |     1 ||     4
Evoke: Wand              |       |       |       |     1 |       ||     1
  Use: Potion            |       |     2 |       |     3 |       ||     5
       Scroll            |       |     7 |     6 |     5 |     6 ||    24
  Eat: Chunk             |     5 |    11 |    16 |    30 |    18 ||    80
       Ration            |       |       |     1 |     2 |     2 ||     5
Armor: Ring mail         |    64 |   129 |   115 |       |       ||   308
       Chain mail        |       |       |    71 |   258 |       ||   329
       Plate armour      |       |       |       |   155 |   379 ||   534
Dodge: Dodged            |    29 |    57 |    57 |   156 |   113 ||   412
Block: Medium shield     |    57 |   120 |   144 |   486 |   366 ||  1173
